 Dungeon Crawl Stone Soup version 0.28.0 (webtiles) character file.

Game seed: 15076698140504677288

1249 Minsecho the Chiller (level 8, 0/55 HPs)
             Began as a Merfolk Ice Elementalist on Feb 5, 2022.
             Was an Initiate of Sif Muna.
             Slain by a vampire mosquito (4 damage)
             ... on level 5 of the Dungeon.
             The game lasted 00:11:31 (6510 turns).

Minsecho the Chiller (Merfolk Ice Elementalist)     Turns: 6510, Time: 00:11:31

Health: 0/55       AC: 10    Str:  9 (10) XL:     8   Next: 50%
Magic:  15/15      EV: 11    Int: 13 (14) God:    Sif Muna [......]
Gold:   175        SH:  0    Dex: 14 (15) Spells: 10/17 levels left

rFire   + . .      SeeInvis .   m - +0 trident
rCold   + . .      Faith    .   (no shield)
rNeg    . . .      Spirit   .   g - +0 ring mail
rPois   +          Reflect  .   (no helmet)
rElec   +          Harm     .   (no cloak)
rCorr   +          Rampage  .   (no gloves)
Will    .....                   d - +0 pair of boots
Stlth   ..........              (no amulet)
HPRegen 0.18/turn               (no ring)
MPRegen 0.14/turn               (no ring)

@: confused, ice-armoured, resistant, ambrosia-drunk, hasted, very quick
A: (nimble swimmer 2), mertail
a: Renounce Religion


You were on level 5 of the Dungeon.
You worshipped Sif Muna.
Sif Muna was noncommittal.
You visited 2 branches of the dungeon, and saw 6 of its levels.

You collected 175 gold pieces.

Inventory:

Hand Weapons
 m - a +0 trident (weapon)
 s - the +4 war axe of Terror {pain, Str+4 Dex+3}
   (You found it on level 4 of the Dungeon)

   In the hands of one skilled in necromantic magic, it inflicts extra damage on
   living creatures.
   Str:       It affects your strength (+4).
   Dex:       It affects your dexterity (+3).
 v - a +4 dagger of protection
Armour
 a - a +0 robe
 d - a +0 pair of boots (worn)
 g - a +0 ring mail (worn)
 k - the +0 robe of the Storm King {rElec}
   (You found it on level 2 of the Dungeon)

   rElec:     It insulates you from electricity.
 p - a +1 scale mail of fire resistance
Jewellery
 f - a ring of ice
Wands
 n - a wand of paralysis (11)
Scrolls
 b - 4 scrolls of fear
 j - a scroll of teleportation {unknown}
 q - a scroll of fog {unknown}
 t - a scroll of summoning {unknown}
 w - a scroll of vulnerability {unknown}
 y - a scroll of blinking {unknown}
Potions
 e - a potion of mutation {unknown}
 i - a potion of heal wounds {unknown}
 r - a potion of invisibility {unknown}
 u - a potion of brilliance {unknown}
 x - a potion of attraction {unknown}
 z - a potion of resistance


   Skills:
 + Level 1.7 Fighting
 + Level 4.4 Polearms
 + Level 2.7 Armour
 + Level 4.1 Dodging
 + Level 2.6 Stealth
 + Level 5.2 Spellcasting
 + Level 7.7 Ice Magic


You had 10 spell levels left.
You knew the following spells:

 Your Spells              Type           Power      Damage    Failure   Level
a - Freeze                Ice            92%        1d10      1%          1
b - Frozen Ramparts       Ice            46%        1d6       6%          3
c - Ozocubu's Armour      Ice            23%        N/A       6%          3

Your spell library contained the following spells:

 Spells                   Type           Power      Damage    Failure   Level
 Sandblast                Erth           6%         2d5       45%         1
 Slow                     Hex            12%        N/A       45%         1
 Corpse Rot               Necr/Air       6%         N/A       58%         2
 Passwall                 Tmut/Erth      2%         N/A       58%         2
 Hailstorm                Conj/Ice       13%        3d5       71%         4
 Confusing Touch          Hex            3%         N/A       83%         3
 Stone Arrow              Conj/Erth      6%         3d7       83%         3
 Vampiric Draining        Necr           3%         2d6       83%         3
 Dispel Undead            Necr           3%         3d7       99%         4
 Death Channel            Necr           1%         N/A       100%        6


Dungeon Overview and Level Annotations

Branches:
Dungeon (5/15)             Temple (1/1) D:4

Altars:
Ashenzari
Cheibriados
Dithmenos
Elyvilon
Fedhas
Gozag
Hepliaklqana
Kikubaaqudgha
Makhleb
Nemelex Xobeh
Okawaru
Qazlal
Ru
Sif Muna
Trog
Vehumet
Xom
Yredelemnul
Zin
The Shining One

Annotations:
D:5 1 runed translucent door


Innate Abilities, Weirdness & Mutations

((You are very nimble when in or above water. (Stealth+, EV+, Speed+++)))
Your lower body shifts to a powerful aquatic tail in water.


Message History

The butterfly looks frightened!
The vampire mosquito bites you.
* * * LOW HITPOINT WARNING * * *
The vampire mosquito draws strength from your injuries!
The vampire mosquito barely misses you. x2; The vampire mosquito bites you.
* * * LOW HITPOINT WARNING * * *
The vampire mosquito draws strength from your injuries!
Cornered, the butterfly turns to fight!
Unknown command.
Unknown command.
It was a potion of resistance.
You feel protected.
The vampire mosquito closely misses you.
The vampire mosquito bites you but does no damage.
Cornered, the butterfly turns to fight!
The vampire mosquito barely misses you.
Cornered, the scorpion turns to fight!
The vampire mosquito closely misses you.
Unknown command.
It was a potion of degeneration.
There was something very wrong with that liquid.
You feel weakened.
You feel dopey.
You feel clumsy.
Cornered, the butterfly turns to fight!
The vampire mosquito bites you but does no damage.
The vampire mosquito misses you. x2; The vampire mosquito bites you.
* * * LOW HITPOINT WARNING * * *
The vampire mosquito draws strength from your injuries!
Unknown command.
It was a potion of ambrosia.
You are confused.
You feel invigorated.
The vampire mosquito bites you but does no damage.
The vampire mosquito bites you.
* * * LOW HITPOINT WARNING * * *
The vampire mosquito draws strength from your injuries!
Cornered, the scorpion turns to fight! x2
The vampire mosquito closely misses you.
The vampire mosquito bites you but does no damage.
Cornered, the scorpion turns to fight!
It was a potion of haste.
You feel yourself speed up.
Cornered, the butterfly turns to fight!
The vampire mosquito bites you.
You die...

####
.##...####.##### .
#...# ##.########
###### #...
#..........
.....##
########'#########
.......
#...............
.......
#...............
.......
#....#######....
.......
#...y#sb.bB# ...
.......
#...@ys.bss+ ..
.......
#....#†..sb# .
.......
#....#######
#...+#. #.....
#...+#. #.....
....... #######
....... .......
...[...


You could see 2 vampire mosquitoes, 5 scorpions and a giant cockroach (fleeing).

Vanquished Creatures
  Duvessa (D:5)
  2 sky beasts (D:5)
  3 black bears (D:5)
  An ogre (D:5)
  A phantom (D:5)
  A scorpion (D:5)
  Dowan (D:5)
  2 hounds
  An orc priest (D:4)
  Ijyb (D:3)
  A bullfrog skeleton (D:5)
  An iguana (D:5)
  Natasha (twice) (D:3)
  3 orc wizards
  A hound skeleton (D:5)
  3 adders
  A white imp (D:5)
  A worm (D:4)
  3 dart slugs
  7 orcs
  4 endoplasms
  5 giant cockroaches
  3 goblins
  3 hobgoblins
  11 jackals
  4 kobolds
  A quokka (D:3)
  7 ball pythons
  6 bats
  6 rats
87 creatures vanquished.

Notes
Turn   | Place    | Note
-------+----------+-------------------------------------------
     0 | D:1      | Minsecho the Merfolk Ice Elementalist began the quest for
                  | the Orb.
     0 | D:1      | Reached XP level 1. HP: 13/13 MP: 3/3
   351 | D:1      | Reached XP level 2. HP: 17/19 MP: 0/5
   608 | D:1      | Reached skill level 5 in Ice Magic
  1110 | D:2      | Reached XP level 3. HP: 11/24 MP: 0/6
  1448 | D:2      | Found a broken altar of Ashenzari.
  1831 | D:2      | Identified the +0 robe of the Storm King {rElec}
  2196 | D:2      | Found a faded altar of an unknown god.
  2548 | D:3      | Reached XP level 4. HP: 30/30 MP: 7/7
  2690 | D:3      | Noticed Natasha
  2696 | D:3      | Killed Natasha
  2918 | D:3      | Noticed Ijyb
  2919 | D:3      | Noticed Natasha
  2931 | D:3      | Killed Natasha
  2932 | D:3      | Reached skill level 1 in Polearms
  2932 | D:3      | Reached XP level 5. HP: 18/36 MP: 0/9
  2933 | D:3      | Paralysed by Ijyb for 2 turns
  2941 | D:3      | Paralysed by Ijyb for 2 turns
  2943 | D:3      | Killed Ijyb
  2944 | D:3      | Reached skill level 1 in Armour
  3711 | D:4      | Reached skill level 6 in Ice Magic
  3868 | D:4      | Found a white marble altar of Elyvilon.
  3872 | D:4      | Found a hazy altar of Hepliaklqana.
  3873 | D:4      | Found a glowing silver altar of Zin.
  3874 | D:4      | Found an opulent altar of Gozag.
  3921 | D:4      | Found a staircase to the Ecumenical Temple.
  3930 | Temple   | Entered the Ecumenical Temple
  3940 | Temple   | Became a worshipper of Sif Muna the Loreminder
  3945 | Temple   | Learned a level 3 spell: Frozen Ramparts
  3949 | Temple   | Learned a level 3 spell: Ozocubu's Armour
  3977 | D:4      | Identified the +4 war axe of Terror {pain, Str+4 Dex+3}
  4206 | D:4      | Reached XP level 6. HP: 36/42 MP: 10/10
  4775 | D:5      | Entered Level 5 of the Dungeon
  4795 | D:5      | Noticed a black bear
  4809 | D:5      | Killed a black bear
  4810 | D:5      | Reached skill level 1 in Fighting
  5069 | D:5      | Noticed a black bear
  5089 | D:5      | Killed a black bear
  5090 | D:5      | Reached XP level 7. HP: 43/48 MP: 5/12
  5244 | D:5      | Noticed Duvessa
  5251 | D:5      | Noticed Dowan
  5271 | D:5      | Killed Duvessa
  5272 | D:5      | Reached skill level 7 in Ice Magic
  5273 | D:5      | Killed Dowan
  5582 | D:5      | Reached XP level 8. HP: 14/54 MP: 6/14
  5925 | D:5      | Found an iron altar of Okawaru.
  6227 | D:5      | Found a burning altar of Makhleb.
  6314 | D:5      | Reached skill level 5 in Spellcasting
  6492 | D:5      | Found a runed translucent door.
  6494 | D:5      | Found a runed translucent door.
  6509 | D:5      | HP: 1/55 [vampire mosquito (6)]
  6510 | D:5      | Slain by a vampire mosquito

Illustrated notes

Levels and vault maps discovered:
D:1:      lightli_arrival_lavapool, layout_basic
D:2:      layout_loops_ring, hellmonk_ecumenical_altar_leap_of_faith,
          basic_altar
D:3:      layout_basic, amcnicky_mini_pool_small, uniq_natasha, uniq_ijyb
D:4:      layout_basic, mainiacjoe_overflow_alcove_3, minmay_temple_entry_mist
D:5:      lemuel_insect_pit, layout_basic,
          mainiacjoe_overflow_concentric_impassable, makhleb_heckhound_becter,
          hangedman_decor_riveting, uniq_duvessa
Temple:   nicolae_temple_x_marks_the_god

Skill      XL: |  1  2  3  4  5  6  7  8 |
---------------+-------------------------+-----
Ice Magic      | 5 6 7 |  7.7
Polearms       | 1 2 3 4 |  4.4
Armour         | 1 2 |  2.7
Dodging        | 3 4 |  4.1
Spellcasting   | 3 4 5 |  5.2
Fighting       | 1 |  1.7
Stealth        | |  2.6

Action                   |  1- 3 |  4- 6 |  7- 9 || total
-------------------------+-------+-------+-------++-------
Melee: Unarmed           |     2 |       |       ||     2
       Falchion          |    14 |       |       ||    14
       Trident           |     3 |    89 |    71 ||   163
       Punch             |       |     3 |       ||     3
 Cast: Freeze            |    43 |    33 |    20 ||    96
       Ozocubu's Armour  |       |     2 |     6 ||     8
       Frozen Ramparts   |       |     2 |     8 ||    10
  Use: Scroll            |       |       |     2 ||     2
       Potion            |       |       |     7 ||     7
 Stab: Sleeping          |       |     1 |       ||     1
Armor: Robe              |     4 |       |       ||     4
       Ring mail         |    23 |    34 |    46 ||   103
Dodge: Dodged            |    34 |    67 |    62 ||   163
